Map: Blackpink LE

Players

JagrsMullets - Winner!

  • Race: Protoss Protoss
  • Spawn Location: 7:00

A.I. 1 (Medium)

  • Race: Zerg Zerg
  • Spawn Location: 1:00

VOD

Have the link to the VOD?

Description

Time

  • Played on: Dec. 15, 2017, 2:29 a.m.
  • Length: 5:32
Show
View Real Time Build Order
Export as new Build Order

JagrsMullets Protoss - Winner!

Build Orders: Cannon Rush 

Get SALT Encoding   

  12  0:02  Probe (Chrono Boost)  
  13  0:13  Probe (Chrono Boost)  
  14  0:20  Pylon  
  14  0:22  Probe  
  15  0:38  Probe  
  15  0:41  Forge  
  16  0:50  Probe  
  17  1:02  Probe  
  18  1:04  Pylon  
  18  1:11  Pylon  
  18  1:14  Probe (Chrono Boost)  
  20  1:26  Probe (Chrono Boost)  
  20  1:28  Photon Cannon, Probe  
  21  1:40  Photon Cannon  
  21  1:48  Photon Cannon  
  21  2:02  Photon Cannon  
  21  2:04  Photon Cannon  
  21  2:14  Photon Cannon  
  21  2:18  Photon Cannon  
  21  2:27  Photon Cannon  
  21  2:35  Photon Cannon  
  21  3:00  Pylon  
  21  3:14  Pylon  
  21  3:19  Pylon  
  21  3:33  Gateway  
  21  3:37  Gateway  
  21  3:42  Gateway  
  21  3:45  Gateway  
  21  3:54  Photon Cannon  
  21  3:56  Photon Cannon  
  21  4:00  Photon Cannon  
  21  4:02  Photon Cannon  
  21  4:24  Zealot x2  
  25  4:31  Zealot  
  25  4:33  Zealot  
  29  4:51  Zealot  
  29  4:52  Zealot  
  33  4:58  Zealot  
  35  5:00  Zealot  
Show
View Real Time Build Order
Export as new Build Order

A.I. 1 (Medium) Zerg 

Build Orders: Pool Only 

Get SALT Encoding   

  12  0:00  Drone  
  13  0:12  Overlord  
  13  0:17  Drone  
  14  0:30  Drone  
  14  0:33  Drone  
  16  0:44  Spawning Pool  
  16  0:45  Drone  
  16  0:49  Drone  
  17  0:53  Extractor  
  17  0:55  Drone  
  17  1:06  Overlord  
  17  1:30  Queen  
  17  1:31  Zergling x2  
  20  1:36  Roach Warren  
  20  1:38  Drone  
  20  1:40  Zergling x2  
  20  1:42  Extractor  
  20  1:49  Drone  
  21  1:59  Zergling x2  
  19  2:10  Drone  
  18  2:21  Drone  
  18  2:25  Queen  
  19  2:32  Drone  
  20  2:37  Zergling x2  
  21  2:46  Zergling x2  
  21  2:47  Roach Warren  
  21  2:51  Drone  
  22  2:56  Zergling x2  
  23  3:04  Zergling x2  
  23  3:11  Zergling x2  
  21  3:18  Queen  
  22  3:23  Zergling x2  
  22  3:31  Zergling x2  
  22  3:38  Zergling x2  
  23  3:45  Roach  
  23  3:47  Overlord  
  24  3:54  Zergling x2  
  21  4:04  Zergling x2  
  20  4:11  Queen  
  20  4:16  Zergling x2  
  22  4:23  Zergling x2  
  22  4:26  Drone  
  23  4:31  Zergling x2  
  23  4:38  Zergling x2  
  13  5:20  Spawning Pool  
Tags
 
Add a new tag
Caveats
  • Supply blocks, unpowered buildings, or Contaminate may cause inaccurate times.
  • Supply counts are checked every 10 seconds.